 Dungeon Crawl Stone Soup version 0.18.1-50-g88ac8fd (webtiles) character file.

2664 Enzo the Shield-Bearer (level 9, -5/52 HPs)
             Began as a Deep Elf Fighter on Oct 22, 2016.
             Was a Priest of Okawaru.
             Killed from afar by Maurice (17 damage)
             ... with a wand of lightning
             ... while paralysed by an orc warrior
             ... on level 8 of the Dungeon on Oct 23, 2016.
             The game lasted 01:00:12 (7664 turns).

Enzo the Shield-Bearer (Deep Elf Fighter)           Turns: 7664, Time: 01:00:13

Health: -5/52      AC: 16    Str: 16    XL:     9   Next: 36%
Magic:  10/11      EV:  2    Int: 14    God:    Okawaru [***...]
Gold:   405        SH:  0    Dex: 14    Spells: 0 memorised, 8 levels left

rFire  + . .     SeeInvis .     a - +0 rapier
rCold  . . .     Gourm    .     g - +0 chain mail
rNeg   . . .     Faith    .     c - +0 shield
rPois  .         Spirit   .     j - +0 helmet
rElec  .         Dismiss  .     S - +0 cloak
rCorr  .         Reflect  .     l - +0 pair of gloves (curse)
SustAt .         Harm     .     R - +1 pair of boots
MR     .....                    n - amulet of regeneration
Stlth  ..........               (no ring)
                                r - ring of protection from fire

@: paralysed, drained, not resistant to hostile enchantments, extremely
unstealthy
A: no striking features
a: Heroism, Renounce Religion


You were on level 8 of the Dungeon.
You worshipped Okawaru.
Okawaru was most pleased with you.
You were not hungry.

You visited 1 branch of the dungeon, and saw 8 of its levels.

You collected 405 gold pieces.

Inventory:

Hand Weapons
 a - a +0 rapier (weapon)
 s - a +2 dagger of draining
 E - a +1 dagger of speed
Missiles
 D - 2 throwing nets (quivered)
Armour
 c - a +0 shield (worn)
 g - a +0 chain mail (worn)
 j - a +0 helmet (worn)
 k - the +1 scale mail "Caxion Sudo" {Int+2}
   (You found it on level 5 of the Dungeon)

   It affects your intelligence (+2).
 l - a cursed +0 pair of gloves (worn)
 R - a +1 pair of boots (worn)
 S - a +0 cloak (worn)
Jewellery
 n - an amulet of regeneration (around neck)
 r - a ring of protection from fire (left hand)
Wands
 w - a wand of polymorph (1/24)
 L - a wand of flame (9/48)
 O - a wand of iceblast (5/15)
Scrolls
 b - 2 scrolls of amnesia {unknown}
 e - 4 scrolls of teleportation {unknown}
 h - 3 scrolls of magic mapping {unknown}
 i - a scroll of acquirement {unknown}
 o - 5 scrolls of remove curse {unknown}
 p - a scroll of noise {unknown}
 q - 2 scrolls of enchant armour {unknown}
 t - a scroll of random uselessness {unknown}
 u - a scroll of enchant weapon {unknown}
 y - 2 scrolls of recharging {unknown}
 C - a scroll of blinking {unknown}
 H - a scroll of vulnerability {unknown}
 K - a scroll of identify
 P - a scroll of immolation {unknown}
Potions
 d - 5 potions of might
 m - a potion of brilliance {unknown}
 v - 2 potions of agility {unknown}
 z - a potion of berserk rage {unknown}
 A - 2 potions of degeneration {unknown}
 F - 2 potions of curing
 G - a potion of beneficial mutation {unknown}
 J - 2 potions of cancellation {unknown}
 N - a potion of ambrosia
Books
 M - a book of Flames

   Spells                             Type                      Level
   a - Flame Tongue                   Conjuration/Fire             1
   b - Throw Flame                    Conjuration/Fire             2
   c - Conjure Flame                  Conjuration/Fire             3
   d - Inner Flame                    Hexes/Fire                   3
   e - Sticky Flame                   Conjuration/Fire             4
   f - Fireball                       Conjuration/Fire             5
Comestibles
 f - 9 bread rations
 B - 2 royal jellies
 I - 6 beef jerkies
 Q - a meat ration
 T - 2 chunks of flesh


   Skills:
 + Level 4.7 Fighting
 + Level 5.3 Short Blades
 + Level 5.8 Armour
 + Level 5.6(5.5) Dodging
 + Level 2.2 Stealth
 + Level 6.2 Shields
 + Level 0.2 Invocations
 + Level 0.2 Evocations


You had 8 spell levels left.
You didn't know any spells.

Dungeon Overview and Level Annotations

Branches:
Dungeon (8/15)             Temple (0/1) D:5
   Lair: D:8-11

Altars:
Cheibriados
Kikubaaqudgha
Okawaru
Qazlal
Ru
Trog
Zin

Shops:
D:6 :   D:7 (   D:8 (

Annotations:
D:8 Maurice


Message History

You kill the orc wizard!
Okawaru accepts your kill.
You feel like a meek peon again.
You hear a zap.
A bolt of lightning appears from out of thin air!
The bolt of lightning hits you!
The orc warrior zaps a wand.
You easily resist.
You hit the orc warrior but do no damage.
You hear a zap.
A bolt of lightning appears from out of thin air!
The bolt of lightning hits you!
* * * LOW HITPOINT WARNING * * *
The orc warrior zaps a wand.
You suddenly lose the ability to move!
The orc warrior hits you but does no damage.
Something hits you.
* * * LOW HITPOINT WARNING * * *
Something steals your dagger of protection!
You hear a zap.
A bolt of lightning appears from out of thin air!
The bolt of lightning hits you!
You die...

.......>[.....##
..............#
..#...........#
###...........# #
##..##.......## .o
#..#####.....# ..$ #))#
#####.# ########....
..###############...........
................@o†.........
.................)..........
∩................^..........
##.......#################..
##.....## ###.### ###


You could see an orc warrior.

Vanquished Creatures
  A hippogriff (D:8)
  A sky beast (D:7)
  2 phantoms
  6 ogres
  A centaur (D:5)
  The ghost of buriedalive the Conjurer, an amateur HECj (D:3)
  2 scorpions
  5 wights (D:7)
  A vampire bat (D:3)
  2 crimson imps
  A giant frog zombie (D:6)
  3 hounds
  2 giant frog skeletons (D:4)
  5 orc priests
  10 orc wizards
  Terence (D:3)
  7 worker ants
  A killer bee zombie (D:5)
  A hound zombie (D:7)
  A worker ant zombie (D:5)
  Robin (D:5)
  8 adders
  8 gnolls
  2 shadow imps
  An ooze (D:6)
  An adder skeleton (D:3)
  An adder zombie (D:7)
  A worm (D:2)
  A dart slug (D:2)
  2 giant geckos
  22 orcs
  5 ball pythons
  7 bats
  3 bat skeletons (D:3)
  A bat zombie (D:3)
  8 giant cockroaches
  14 goblins
  9 hobgoblins
  14 jackals
  8 kobolds
  9 quokkas
  A giant gecko skeleton (D:4)
  3 giant newts
  4 rats
188 creatures vanquished.

Notes
Turn   | Place    | Note
--------------------------------------------------------------
     0 | D:1      | Enzo the Deep Elf Fighter began the quest for the Orb.
     0 | D:1      | Reached XP level 1. HP: 13/13 MP: 3/3
   492 | D:1      | Reached XP level 2. HP: 18/18 MP: 4/4
   708 | D:2      | Found an iron altar of Okawaru.
   721 | D:2      | Became a worshipper of Warmaster Okawaru
   795 | D:2      | Reached XP level 3. HP: 19/22 MP: 5/5
  1109 | D:2      | Found a sacrificial altar of Ru.
  1127 | D:2      | Reached skill level 3 in Shields
  1127 | D:2      | Reached XP level 4. HP: 25/27 MP: 6/6
  1595 | D:3      | Noticed buriedalive's ghost (amateur HECj)
  1638 | D:3      | Reached skill level 1 in Dodging
  1772 | D:3      | Found a stormy altar of Qazlal.
  1947 | D:3      | Found an ancient bone altar of Kikubaaqudgha.
  1972 | D:3      | Reached * piety under Okawaru
  1972 | D:3      | Reached XP level 5. HP: 32/32 MP: 7/7
  2151 | D:3      | Noticed Terence
  2167 | D:3      | Killed Terence
  2506 | D:3      | Killed buriedalive's ghost
  2506 | D:3      | Reached skill level 1 in Stealth
  2536 | D:4      | Reached XP level 6. HP: 34/37 MP: 8/8
  3099 | D:4      | Reached skill level 4 in Shields
  3222 | D:4      | Reached XP level 7. HP: 39/41 MP: 9/9
  3433 | D:4      | Reached ** piety under Okawaru
  3556 | D:5      | Entered Level 5 of the Dungeon
  3579 | D:5      | Got a spiked scale mail
  3601 | D:5      | Identified the +1 scale mail "Caxion Sudo" {Int+2} (You found it on level 5 of the Dungeon)
  3873 | D:5      | Found a staircase to the Ecumenical Temple.
  4229 | D:5      | Reached XP level 8. HP: 37/47 MP: 10/10
  4451 | D:5      | Reached skill level 5 in Shields
  4544 | D:5      | Found a bloodstained altar of Trog.
  4588 | D:5      | Noticed Robin
  4626 | D:5      | Killed Robin
  5036 | D:5      | Reached skill level 5 in Armour
  5246 | D:6      | Found a snail-covered altar of Cheibriados.
  5798 | D:6      | Found Ethe's Book Emporium.
  6233 | D:7      | Reached skill level 5 in Dodging
  6269 | D:7      | Reached *** piety under Okawaru
  6314 | D:7      | Reached XP level 9. HP: 32/52 MP: 11/11
  6659 | D:7      | Reached skill level 5 in Short Blades
  6770 | D:7      | Reached skill level 6 in Shields
  6805 | D:7      | Found a glowing silver altar of Zin.
  6805 | D:7      | Noticed an angel
  6939 | D:7      | Found Gupitugitu's Weapon Boutique.
  7545 | D:8      | Found Ufath's Antique Weapon Emporium.
  7644 | D:8      | Noticed Maurice
  7653 | D:8      | Paralysed by an orc warrior for 4 turns
  7662 | D:8      | Paralysed by an orc warrior for 4 turns
  7664 | D:8      | Killed from afar by Maurice

Skill      XL: |  1  2  3  4  5  6  7  8  9 |
---------------+----------------------------+-----
Armour         | 3 4 5 |  5.8
Shields        | 3 4 5 6 |  6.2
Dodging        | 1 2 3 5 |  5.6
Fighting       | 3 4 |  4.7
Stealth        | 1 2 |  2.2
Short Blades   | 3 4 5 |  5.3
Invocations    | |  0.2
Evocations     | |  0.2

Action                   |  1- 3 |  4- 6 |  7- 9 || total
-------------------------+-------+-------+-------++-------
Melee: Rapier            |   117 |   329 |  1091 ||  1537
       Unarmed           |       |    12 |       ||    12
Throw: Throwing net      |       |       |     2 ||     2
Invok: Heroism           |       |     3 |     8 ||    11
Evoke: Wand              |       |       |     1 ||     1
  Use: Scroll            |     1 |     1 |     1 ||     3
       Potion            |       |     1 |     4 ||     5
 Stab: Invisible         |     1 |     5 |       ||     6
       Paralysed         |       |     1 |       ||     1
       Confused          |       |     1 |       ||     1
  Eat: Chunk             |     1 |     8 |    16 ||    25
       Beef jerky        |       |       |     1 ||     1
Armor: Chain mail        |    53 |   211 |   421 ||   685
       Scale mail        |     5 |       |       ||     5
       Skin              |       |     1 |       ||     1
Dodge: Dodged            |    18 |    77 |   219 ||   314
Block: Shield            |    49 |   163 |   463 ||   675
